Map: 아크로폴리스 - 래더

Players

Armani

  • Race: Zerg Zerg
  • League: Master
  • Spawn Location: 11:00

Bunny - Winner!

  • Race: Terran Terran
  • Spawn Location: 5:00

VOD

Have the link to the VOD?

Description

Time

  • Played on: Aug. 8, 2019, 7:54 a.m.
  • Length: 9:06
Show
View Real Time Build Order
Export as new Build Order

Armani Zerg 

Build Orders: Hatch First 

Get SALT Encoding   

  12  0:01  Drone  
  13  0:12  Overlord  
  13  0:17  Drone  
  14  0:31  Drone x2  
  16  0:47  Hatchery  
  15  0:51  Drone  
  15  0:54  Drone  
  17  1:05  Drone  
  17  1:08  Extractor  
  17  1:15  Spawning Pool  
  17  1:16  Drone  
  17  1:20  Drone  
  18  1:30  Drone  
  19  1:40  Drone  
  20  1:49  Overlord  
  20  2:01  Queen x2  
  20  2:03  Zergling x4  
  26  2:18  Hatchery  
  26  2:22  Metabolic Boost  
  25  2:29  Drone  
  26  2:31  Drone  
  26  2:33  Drone  
  26  2:35  Drone  
  29  2:43  Queen  
  31  2:48  Overlord  
  31  2:52  Drone  
  31  2:53  Drone  
  33  2:59  Drone  
  33  3:00  Drone x2  
  36  3:06  Drone x2  
  36  3:12  Drone x2  
  40  3:15  Drone  
  40  3:16  Drone  
  42  3:20  Overlord  
  42  3:24  Queen  
  44  3:29  Queen  
  44  3:32  Zergling x2  
  47  3:35  Zergling x4  
  47  3:39  Baneling Nest  
  48  3:42  Drone x2  
  48  3:44  Drone  
  48  3:48  Drone  
  52  3:51  Overlord  
  52  3:54  Drone  
  53  3:57  Drone x2  
  53  4:00  Overlord  
  55  4:08  Lair  
  55  4:09  Queen  
  57  4:11  Overlord  
  57  4:13  Drone  
  58  4:21  Drone x2  
  60  4:24  Drone x2  
  60  4:26  Drone  
  60  4:29  Spore Crawler, Drone x3  
  60  4:30  Drone  
  60  4:31  Drone  
  67  4:33  Drone x2, Extractor x2  
  67  4:36  Spore Crawler  
  66  4:39  Drone  
  66  4:41  Drone  
  66  4:43  Overlord  
  68  4:47  Drone  
  68  4:49  Drone  
  68  4:50  Overlord  
  70  4:56  Drone x2  
  70  4:57  Drone x2  
  73  5:00  Overlord  
  73  5:04  Queen  
  72  5:08  Zergling x4  
  72  5:09  Drone x5  
  78  5:14  Zergling x4  
  78  5:20  Drone  
  75  5:22  Drone  
  75  5:23  Drone  
  73  5:31  Drone  
  73  5:32  Drone, Extractor  
  73  5:35  Drone  
  75  5:39  Evolution Chamber  
  75  5:41  Drone  
  75  5:42  Evolution Chamber  
  74  5:44  Drone  
  74  5:45  Drone  
  74  5:48  Overseer  
  73  5:52  Drone  
  74  5:57  Drone x2  
  74  5:59  Extractor, Hatchery  
  74  6:00  Extractor  
  74  6:03  Drone  
  74  6:04  Drone  
  74  6:05  Drone x2  
  74  6:06  Drone  
  74  6:09  Drone, Zerg Melee Weapons Level 1, Zerg Ground Armor Level 1  
  79  6:16  Centrifugal Hooks, Drone  
  79  6:18  Drone x4  
  81  6:22  Overlord  
  83  6:31  Zergling x2  
  83  6:32  Zergling x2  
  85  6:34  Zergling x8, Hatchery  
  85  6:36  Overlord  
  85  6:37  Zergling x2  
  89  6:42  Spire  
  89  6:43  Zergling x10  
  93  6:48  Baneling x7  
  93  6:50  Zergling x4  
  95  6:56  Zergling x2  
  95  6:57  Baneling x3  
  95  6:58  Zergling x4  
  98  7:02  Zergling x6  
  98  7:03  Zergling x2  
  98  7:07  Overlord x2  
  102  7:08  Overlord  
  102  7:13  Queen  
  102  7:14  Overlord  
  105  7:15  Zergling x10  
  105  7:16  Zergling x2  
  105  7:21  Overlord  
  110  7:24  Overlord  
  95  7:37  Zergling x2  
  95  7:38  Zergling x18  
  93  7:44  Baneling x2  
  93  7:45  Baneling x7, Zergling x2  
  93  7:46  Zergling x10  
  93  7:50  Drone  
  99  7:57  Queen  
  99  7:58  Hatchery  
  100  8:00  Zergling x6  
  100  8:01  Baneling  
  100  8:02  Baneling x2  
  103  8:09  Zergling x10  
  108  8:13  Zergling x6  
  102  8:26  Zergling x24  
  90  8:40  Zergling x2  
  90  8:41  Zergling x20  
  93  8:43  Baneling x3  
  88  8:48  Zergling x8  
Show
View Real Time Build Order
Export as new Build Order

Bunny Terran - Winner!

Build Orders: Liberator Opening, Reaper Expand 

Get SALT Encoding   

  12  0:00  SCV  
  13  0:13  SCV  
  14  0:16  Supply Depot  
  14  0:25  SCV  
  15  0:38  SCV  
  15  0:40  Barracks  
  16  0:43  Refinery  
  16  0:50  SCV  
  17  1:03  SCV  
  18  1:16  SCV  
  19  1:28  Orbital Command, Reaper  
  20  1:38  Command Center  
  20  1:50  Supply Depot  
  20  1:53  SCV  
  21  2:00  Marine  
  22  2:05  SCV  
  22  2:08  Factory  
  23  2:13  Refinery  
  23  2:17  SCV  
  23  2:21  Barracks Reactor  
  24  2:29  SCV  
  25  2:41  SCV  
  26  2:50  Orbital Command  
  26  2:53  SCV  
  26  2:54  Starport  
  27  3:03  Hellion x2  
  31  3:05  SCV  
  31  3:08  Barracks Tech Lab  
  32  3:16  SCV  
  32  3:18  SCV  
  34  3:22  Supply Depot  
  34  3:24  Hellion  
  34  3:25  Hellion  
  38  3:28  SCV  
  38  3:30  SCV  
  40  3:36  Marine  
  40  3:39  Liberator  
  40  3:41  SCV  
  45  3:42  SCV  
  45  3:46  Hellion x2, Supply Depot  
  50  3:54  SCV x2  
  52  4:06  SCV x2, Command Center  
  52  4:07  Barracks Tech Lab  
  54  4:13  Supply Depot  
  54  4:20  SCV x2  
  54  4:23  Banshee  
  59  4:30  Barracks  
  58  4:34  Barracks, Factory Reactor  
  58  4:36  SCV x2  
  60  4:42  Supply Depot  
  60  4:48  SCV x2  
  60  4:52  Supply Depot, Stimpack  
  62  4:55  Engineering Bay  
  62  4:56  Engineering Bay  
  62  5:00  SCV  
  62  5:01  SCV  
  62  5:05  Marine  
  62  5:15  SCV  
  62  5:16  SCV  
  62  5:17  Marine, Starport Reactor  
  62  5:18  Marine  
  62  5:28  SCV  
  58  5:31  Refinery  
  58  5:32  Refinery  
  58  5:34  Terran Infantry Weapons Level 1  
  58  5:35  Orbital Command, Marine, Terran Infantry Armor Level 1  
  55  5:36  Marine x4  
  55  5:38  SCV, Siege Tank  
  55  5:40  SCV  
  65  5:51  SCV  
  65  5:52  SCV  
  65  5:53  Marine x2  
  65  5:54  Medivac, Marine x3  
  65  5:56  Supply Depot  
  74  5:57  Medivac  
  74  6:03  SCV  
  78  6:04  SCV  
  78  6:05  Orbital Command, Supply Depot  
  78  6:11  Marine x4  
  78  6:12  Marine  
  78  6:13  Siege Tank  
  78  6:15  SCV  
  78  6:16  SCV  
  88  6:27  Supply Depot  
  88  6:28  Barracks  
  88  6:29  Barracks, SCV x2, Refinery  
  88  6:30  Medivac x2  
  94  6:38  Marine x5  
  99  6:42  SCV x3  
  99  6:45  Siege Tank  
  105  6:50  Supply Depot  
  105  6:51  Supply Depot x2  
  105  6:55  Armory  
  105  6:56  Combat Shield  
  105  7:02  SCV  
  105  7:03  SCV x2  
  105  7:07  Marine x5  
  110  7:14  Factory  
  110  7:16  Barracks Reactor x2  
  110  7:25  SCV x3, Marine x3  
  116  7:30  Medivac x2  
  116  7:31  Supply Depot  
  116  7:32  Supply Depot  
  119  7:40  Marine x2  
  119  7:42  Siege Tank, Marine  
  119  7:43  Marine x2  
  120  7:46  SCV x3  
  123  7:53  Marine x3  
  123  7:54  Marine  
  123  7:57  Marine  
  123  7:58  Marine, Command Center  
  129  7:59  Supply Depot  
  129  8:00  Marine  
  129  8:05  Marine x2  
  130  8:10  Supply Depot  
  130  8:11  Supply Depot, Marine x2  
  134  8:16  Marauder  
  134  8:18  Factory Reactor  
  134  8:19  Concussive Shells  
  133  8:20  Widow Mine  
  133  8:26  Marine x6  
  120  8:37  Marine x2, Marauder  
  122  8:42  Widow Mine  
  122  8:43  Marine  
  122  8:44  Marine  
  122  8:46  Marine x3  
  133  9:03  Barracks x2  
Tags
 
Add a new tag
Caveats
  • Supply blocks, unpowered buildings, or Contaminate may cause inaccurate times.
  • Supply counts are checked every 10 seconds.